 Dungeon Crawl Stone Soup version 0.17-a0-1738-g82cdc46 (webtiles) character file.

469 kae the Insei (level 6, -1/47 HPs)
             Began as a Demonspawn Monk on Aug 30, 2015.
             Was a Believer of Qazlal.
             Slain by a sky beast (6 damage)
             ... on level 4 of the Dungeon.
             The game lasted 00:04:51 (3627 turns).

kae the Insei (Demonspawn Monk)                     Turns: 3627, Time: 00:04:51

Health: -1/47      AC:  6    Str: 16      XL:     6   Next: 82%
Magic:  6/6        EV: 13    Int: 16      God:    Qazlal [**....]
Gold:   158        SH:  3    Dex: 14 (18) Spells: 0 memorised, 5 levels left

rFire  . . .     SeeInvis .       - Unarmed
rCold  + . .     Clarity  .     a - +0 robe
rNeg   . . .     SustAt   .     (no shield)
rPois  .         Gourm    .     (no helmet)
rElec  .         Spirit   .     p - +0 cloak
rCorr  .         Warding  .     (no gloves)
rMut   .         Stasis   .     s - +0 pair of boots
MR     .....                    (no amulet)
Stlth  ++........               (no ring)
                                (no ring)

@: mighty, brilliant, invisible, not resistant to hostile enchantments,
unstealthy
A: claws 1, thin metallic scales 1, cold resistance 1, powered by death 1
a: Upheaval, Renounce Religion


You were on level 4 of the Dungeon.
You worshipped Qazlal.
Qazlal was pleased with you.
You were hungry.

You visited 1 branch of the dungeon, and saw 5 of its levels.

You collected 158 gold pieces.

Inventory:

Armour
 a - a +0 robe (worn)
 p - a +0 cloak (worn)
 s - a +0 pair of boots (worn)
Jewellery
 j - an uncursed ring of protection from magic {unknown}
Magical devices
 z - a wand of random effects (23)
Scrolls
 k - a scroll of remove curse
Potions
 q - a potion of lignification {unknown}
 u - 2 potions of haste
 v - a potion of berserk rage {unknown}
 x - a potion of experience {unknown}
 A - a potion of agility {unknown}
Books
 y - a book of Debilitation

   Spells                             Type                      Level
   a - Corona                         Hexes                        1
   b - Slow                           Hexes                        2
   c - Gell's Gravitas                Hexes/Translocation          3
   d - Inner Flame                    Hexes/Fire                   3
   e - Cause Fear                     Hexes                        4
   f - Leda's Liquefaction            Hexes/Earth                  4
Comestibles
 b - 5 bread rations
 d - 4 meat rations
 h - 2 slices of pizza
 r - 2 royal jellies


   Skills:
 - Level 3.0 Fighting
 - Level 2.6 Dodging
 - Level 1.7 Stealth
 + Level 7.5 Unarmed Combat


You had 5 spell levels left.
You didn't know any spells.

Dungeon Overview and Level Annotations

Branches:
Dungeon (5/15)
 Temple: D:4-7

Altars:
Cheibriados
Elyvilon
Gozag
Kikubaaqudgha
Okawaru
Qazlal
Ru
Trog
Yredelemnul
The Shining One


Innate Abilities, Weirdness & Mutations

You have sharp fingernails.
You regenerate a little health from kills.
You are partially covered in thin metallic scales (AC +2).
Your flesh is cold resistant.


Message History

The sky beast shocks you.
* * * LOW HITPOINT WARNING * * *
Unknown command.
Drink which item? (? for menu, Esc to quit)
It was a potion of might.
You feel very mighty all of a sudden.
The sky beast hits you but does no damage.
Drink which item? (? for menu, Esc to quit)
It was a potion of brilliance.
You feel clever all of a sudden.
The sky beast flickers out of sight!
Deactivating autopickup; reactivate with Ctrl-A.
Something hits you but does no damage.
Drink which item? (? for menu, Esc to quit)
It was a potion of invisibility.
You fade into invisibility!
Something hits you.
* * * LOW HITPOINT WARNING * * *
Something shocks you.
You die...

#..#
#..##
##>.##
##..##
##..##
##..##
##≈≈##
##..####
#..5{@#
#######


You could see a quasit (inner flame).

Vanquished Creatures
  A scorpion (D:4)
  A hound (D:4)
  A centaur skeleton (D:4)
  2 orc priests (D:4)
  3 worker ants (D:4)
  2 orc wizards (D:4)
  An iguana (D:4)
  5 adders
  An ooze (D:1)
  3 worms
  5 giant geckos
  7 orcs
  4 giant cockroaches
  10 goblins
  10 hobgoblins
  9 kobolds
  2 quokkas
  5 bats
  3 giant newts
  6 jackals
  5 rats
86 creatures vanquished.

Notes
Turn   | Place    | Note
--------------------------------------------------------------
     0 | D:1      | kae the Demonspawn Monk began the quest for the Orb.
     0 | D:1      | Reached XP level 1. HP: 18/18 MP: 1/1
    70 | D:1      | Reached skill level 4 in Unarmed Combat
    73 | D:1      | Gained mutation: You have sharp fingernails. [demonic ancestry]
    73 | D:1      | Reached XP level 2. HP: 10/24 MP: 2/2
   773 | D:1      | Gained mutation: You regenerate a little health from kills. [demonic ancestry]
   773 | D:1      | Reached XP level 3. HP: 29/29 MP: 3/3
  1404 | D:2      | Reached skill level 5 in Unarmed Combat
  1415 | D:2      | Found an opulent altar of Gozag.
  1416 | D:2      | Found a white marble altar of Elyvilon.
  1418 | D:2      | Found a sacrificial altar of Ru.
  1426 | D:2      | Found an iron altar of Okawaru.
  1426 | D:2      | Found a stormy altar of Qazlal.
  1428 | D:2      | Found a snail-covered altar of Cheibriados.
  1429 | D:2      | Found a bloodstained altar of Trog.
  1431 | D:2      | Found an ancient bone altar of Kikubaaqudgha.
  1444 | D:2      | Became a worshipper of Qazlal Stormbringer
  1444 | D:2      | Acquired Qazlal's first power
  1444 | D:2      | Acquired Qazlal's second power
  1562 | D:2      | You fall through a shaft for 2 floors!
  1944 | D:3      | Reached XP level 4. HP: 33/35 MP: 4/4
  2072 | D:3      | Found a glowing golden altar of the Shining One.
  2077 | D:3      | Found a basalt altar of Yredelemnul.
  2079 | D:3      | Noticed a profane servitor
  2319 | D:3      | Noticed an angel
  2424 | D:4      | Reached XP level 5. HP: 9/41 MP: 5/5
  2452 | D:4      | Reached skill level 6 in Unarmed Combat
  2704 | D:4      | Reached XP level 6. HP: 45/47 MP: 6/6
  3055 | D:4      | Reached skill level 7 in Unarmed Combat
  3137 | D:4      | Noticed a scorpion
  3172 | D:4      | Killed a scorpion
  3589 | D:5      | Entered Level 5 of the Dungeon
  3623 | D:4      | Gained mutation: Your flesh is cold resistant. [potion of mutation]
  3623 | D:4      | Gained mutation: You are partially covered in thin metallic scales (AC +2). [potion of mutation]
  3627 | D:4      | Slain by a sky beast

Vault maps used:
D:1:      dpeg_arrival_tiny_a
D:2:      minitemple
D:3:      grunt_temple_overflow_holy_war, first_bread
D:4:      abandoned_shop
D:5:      minmay_temple_entry_purple_smoke, uniq_edmund

Action                   |  1- 3 |  4- 6 || total
-------------------------+-------+-------++-------
Melee: Unarmed           |   130 |   169 ||   299
Invok: Upheaval          |       |     1 ||     1
  Use: Potion            |       |     8 ||     8
       Scroll            |       |     6 ||     6
 Stab: Sleeping          |     8 |       ||     8
  Eat: Chunk             |     2 |     6 ||     8
